 Dungeon Crawl Stone Soup version 0.16-a0-3476-g5f3739d (webtiles) character file.

109 superterranean the Charlatan (level 4, -2/21 HPs)
             Began as a Spriggan Artificer on Jan 6, 2015.
             Slain by a worker ant (7 damage)
             ... on level 4 of the Dungeon.
             The game lasted 00:06:33 (3495 turns).

superterranean the Charlatan (Spriggan Artificer)   Turns: 3495, Time: 00:06:33

Health: -2/21      AC:  2    Str:  7    XL:     4   Next: 59%
Magic:  11/11      EV: 21    Int: 14    God:
Gold:   71         SH:  0    Dex: 16    Spells: 0 memorised, 3 levels left

rFire  . . .     SeeInvis +     i - +3 whip
rCold  . . .     Clarity  .     e - +0 robe
rNeg   . . .     SustAb   .     (shield restricted)
rPois  .         Gourm    .     (helmet restricted)
rElec  .         Spirit   .     (no cloak)
rCorr  .         Warding  .     (gloves unavailable)
rMut   .         Stasis   .     (boots unavailable)
MR     +....                    (no amulet)
Stlth  +++.......               q - +2 ring of evasion
                                l - ring of protection from magic

@: very quick, somewhat resistant to hostile enchantments, fairly stealthy
A: unfitting armour, see invisible, herbivore 3, speed 3, slow metabolism 2
a: no special abilities


You were on level 4 of the Dungeon.
You were not hungry.

You visited 1 branch of the dungeon, and saw 4 of its levels.

You collected 71 gold pieces.

Inventory:

Hand weapons
 a - a +0 short sword
 i - a +3 whip (weapon)
Armour
 e - a +0 robe (worn)
Jewellery
 l - a ring of protection from magic (left hand)
 q - a +2 ring of evasion (right hand)
 t - an uncursed ring of teleport control
Magical devices
 b - a wand of flame (12)
 c - a wand of enslavement (14)
 d - a wand of random effects (15)
Scrolls
 k - 2 scrolls of amnesia {unknown}
 n - 3 scrolls of identify {unknown}
 p - a scroll of recharging {unknown}
 s - a scroll of teleportation {unknown}
 u - a scroll of fog {unknown}
 v - a scroll of remove curse {unknown}
 w - a scroll of noise {unknown}
Potions
 g - a potion of curing {unknown}
 j - a potion of haste {unknown}
 m - 2 potions of poison {unknown}
 o - a potion of cancellation {unknown}
 r - a potion of restore abilities {unknown}
Comestibles
 f - a bread ration
 h - a slice of pizza


   Skills:
 - Level 0.7 Fighting
 + Level 2.8 Short Blades
 + Level 3.6 Dodging
 + Level 4.3 Stealth
 + Level 5.1 Evocations


You had 3 spell levels left.
You didn't know any spells.

Dungeon Overview and Level Annotations

Branches:
Dungeon (4/15)
 Temple: D:4-7

Altars:
Dithmenos
Vehumet


Innate Abilities, Weirdness & Mutations

You are tiny and cannot use many weapons and most armour.
You have supernaturally acute eyesight.
You are a herbivore.
You cover ground extremely quickly.
You need consume almost no food.


Message History

You closely miss the worker ant.
The worker ant is heavily wounded.
The worker ant bites you.
You hit the worker ant but do no damage.
The worker ant is heavily wounded.
The worker ant barely misses you.
You closely miss the worker ant.
The worker ant is heavily wounded.
The worker ant bites you.
* * * LOW HITPOINT WARNING * * *
The worker ant completely misses you.
You barely miss the worker ant.
The worker ant is heavily wounded.
The worker ant misses you.
You barely miss the worker ant.
The worker ant is heavily wounded.
The worker ant bites you.
* * * LOW HITPOINT WARNING * * *
The rat closely misses you. The worker ant bites you!
You die...

# #. .. . .. .##
#... #.# #.....
##.##......
####r.........
#...a@.........
.....####.........
. #..####.... #
##.## #.. #..#
#....###.##
#......<.#
%.#...###..# ##
##..#


You could see a worker ant and a rat.

Vanquished Creatures
  Terence (D:3)
  4 adders
  5 giant geckos
  An ooze (D:2)
  An orc (D:3)
  6 bats
  6 giant cockroaches
  10 goblins
  3 hobgoblins
  3 kobolds
  A giant newt (D:3)
  2 jackals (D:1)
  11 rats
54 creatures vanquished.

Notes
Turn   | Place    | Note
--------------------------------------------------------------
     0 | D:1      | superterranean, the Spriggan Artificer, began the quest for the Orb.
     0 | D:1      | Reached XP level 1. HP: 9/9 MP: 2/2
   433 | D:1      | Reached XP level 2. HP: 7/14 MP: 5/5
  1513 | D:2      | Found a radiant altar of Vehumet.
  1522 | D:2      | Reached XP level 3. HP: 17/17 MP: 8/8
  1567 | D:2      | Found a shadowy altar of Dithmenos.
  2697 | D:3      | Reached XP level 4. HP: 21/21 MP: 11/11
  3024 | D:3      | Reached skill level 5 in Evocations
  3298 | D:3      | Noticed Terence
  3315 | D:3      | Killed Terence
  3495 | D:4      | Slain by a worker ant

Action                   |  1- 3 |  4- 6 || total
-------------------------+-------+-------++-------
Melee: Short sword       |    28 |       ||    28
       Whip              |   105 |    58 ||   163
Evoke: Wand              |     1 |     3 ||     4
 Stab: Sleeping          |     6 |     3 ||     9
